Description

Personal copy for overwolf overlay

Build Order

Get SALT Encoding   

  14  0:18  Supply Depot  
  16  0:43  Barracks  
  16  0:46  Refinery  
  19  1:29  Reaper, Orbital Command  
  21  1:41  Command Center  
  22  1:58  Supply Depot  
  22  2:01  Marine  
  23  2:06  Factory  
  1  2:19  Refinery  
  1  2:24  Barracks Reactor  Swap Factory on after its finished
  1  2:53  Orbital Command  Natural CC
  1  2:56  Ghost Academy  Ghost Production is delayed, in favor of Hellions
  1  3:00  Hellion x2  Constant Production up to 8
  1  3:10  Barracks Tech Lab  For the Ghosts
  1  3:22  Supply Depot  
  1  3:34  Ghost  2nd ghost immediately after
  1  3:44  Supply Depot  
  1  4:03  Armory  
  1  4:16  Supply Depot  
  1  4:45  Supply Depot  Move out with Ghost and Hellion, Swap Factory to Tech Lab and Rax to Reactor
  1  4:56  Command Center  
  1  5:02  Marine x2  3 Sets (7 Total)
  1  5:05  Siege Tank  
  1  5:29  Command Center  4th CC
  1  5:35  Refinery x2  
  1  5:53  Terran Vehicle Weapons Level 1  
  1  6:22  Factory x4  As money allows
  1  6:40  Barracks Reactor  
  1  6:50  Starport  
  1  7:00  Refinery x2  Float 3rd CC, Take Gases as it lands
  1  7:26  Engineering Bay, Armory  Scan for Tech
Spawning Tool Build Advisor. Get it on Overwolf

Go to:

Details

  • Created by: SpaceMarine
  • Published on: Jul 27, 2018
  • Modified on: Jul 27, 2018
  • Patch: 4.0.0
Show
View Real Time Build Order
Export as new Build Order

Comments (0)

There are no comments. Be the first!

Create an account to comment!